 Dungeon Crawl Stone Soup version 0.31.0-12-g77e489cdc1 (webtiles) character file.

Game seed: 14794029437429763060

6855 RancidPinata the Fighter (level 11, -1/72 HPs)
             Began as a Gargoyle Delver on Feb 20, 2024.
             Was a Believer of Elyvilon.
             Slain by a troll (4 damage)
             ... on level 9 of the Dungeon on Feb 21, 2024.
             The game lasted 00:45:24 (12030 turns).

RancidPinata the Fighter (Gargoyle Delver)         Turns: 12030, Time: 00:45:25

Health: -1/72      AC: 21    Str: 27    XL:     11   Next: 6%
Magic:  11/11      EV: 13    Int: 10    God:    Elyvilon [**....]
Gold:   359        SH:  0    Dex: 11    Spells: 10/10 levels left

rFire   . . .        C - +2 flail (holy)
rCold   . . .        (no shield)
rNeg    + . .        k - +1 acid dragon scales
rPois   ∞            w - +0 hat
rElec   +            L - +0 cloak
rCorr   +            D - +0 pair of gloves
SInv    .            x - +0 pair of boots
Will    .....        (no amulet)
Stlth   +++          t - +6 ring of strength
HPRegen 0.32/turn    (no ring)
MPRegen 0.12/turn

%: no passive effects
@: no status effects
A: sickness immunity, AC +8, negative energy resistance 1, electricity
resistance, torment resistance 1, petrification resistance
a: Renounce Religion, Purification, Heal Other


You were on level 9 of the Dungeon.
You worshipped Elyvilon.
Elyvilon was pleased with you.
You visited 2 branches of the dungeon, and saw 10 of its levels.

You collected 548 gold pieces.
You spent 189 gold pieces at shops.

Inventory:

Hand Weapons
 a - a +0 mace
 i - a +2 spear of freezing
 v - a +2 sling of freezing
 C - a +2 flail of holy wrath (weapon)
Missiles
 j - 11 boomerangs
 l - 49 stones
 r - 39 poisoned darts (quivered)
 E - a curare-tipped dart
Armour
 k - +1 acid dragon scales (worn)
 w - a +0 hat (worn)
 x - a +0 pair of boots (worn)
 z - a +0 ring mail
 D - a +0 pair of gloves (worn)
 L - a +0 cloak (worn)
Jewellery
 h - a ring of wizardry
 t - a +6 ring of strength (left hand)
 N - a ring of wizardry
Wands
 g - a wand of digging (3)
 p - a wand of iceblast (19)
 K - a wand of mindburst (19)
 M - a wand of paralysis (5)
Scrolls
 b - a scroll of enchant weapon {unknown}
 c - a scroll of fog
 d - 4 scrolls of revelation
 e - a scroll of fear
 n - 2 scrolls of brand weapon {unknown}
 o - 2 scrolls of immolation
 s - a scroll of amnesia {unknown}
 y - 2 scrolls of teleportation {unknown}
 A - 2 scrolls of blinking {unknown}
 F - 5 scrolls of identify
 H - a scroll of acquirement {unknown}
Potions
 f - 2 potions of haste
 m - 2 potions of curing
 q - a potion of enlightenment
 u - a potion of experience {unknown}
 B - a potion of attraction
 G - a potion of brilliance {unknown}
 I - 3 potions of heal wounds {unknown}
 J - a potion of magic {unknown}


   Skills:
 * Level 9.8 Fighting
 + Level 6.2 Maces & Flails
 + Level 5.2 Polearms
 * Level 9.2 Armour
 + Level 4.9 Dodging
 + Level 8.8 Stealth


You had 10 spell levels left.
You didn't know any spells.
Your spell library contained the following spells:

 Spells                   Type           Power      Damage    Failure   Level
 Petrify                  Alch/Erth      0%         N/A       99%         4
 Irradiate                Conj/Alch      0%         3d11      100%        5
 Sublimation of Blood     Necr           Unusable   N/A       N/A         2

Dungeon Overview and Level Annotations

Branches:
Dungeon (9/15)             Temple (1/1) D:5            Lair (0/5) D:9
    Orc: D:9-12

Altars:
Ashenzari
Cheibriados
Dithmenos
Elyvilon
Fedhas
Gozag
Hepliaklqana
Makhleb
Nemelex Xobeh
Okawaru
Qazlal
Ru
Sif Muna
Trog
Uskayaw
Vehumet
Wu Jian
Xom
Yredelemnul
The Shining One

Shops:
D:2 ?:=

Annotations:
D:7 3 runed translucent doors, superradish's ghost, novice OpSh
D:8 1 runed translucent door, middlethird's ghost, novice VSCj


Innate Abilities, Weirdness & Mutations

You are immune to sickness and miasma.
Your stone body is resilient. (AC +8)
You are immune to poison.
You resist negative energy. (rN+)
You are resistant to electric shocks. (rElec)
You are resistant to unholy torment.
You are immune to petrification.


Message History

You closely miss the troll.
The troll is severely wounded.
The troll barely misses you. The troll claws you.
The troll claws you but does no damage.
You thump the troll! You punch the troll.
The troll is almost dead.
The troll bites you but does no damage. The troll claws you but does no damage.
The troll barely misses you.
You barely miss the troll.
The troll is almost dead.
The troll bites you!
* * * LOW HITPOINT WARNING * * *
The troll claws you.
* * * LOW HITPOINT WARNING * * *
The troll claws you but does no damage. The troll misses you.
The troll claws you but does no damage. The troll misses you.
You closely miss the troll.
The troll is almost dead.
The troll barely misses you. The troll claws you but does no damage.
The troll barely misses you.
You hit the troll but do no damage.
The troll is almost dead.
The troll bites you but does no damage. The troll claws you!
* * * LOW HITPOINT WARNING * * *
The troll claws you. Elyvilon protects you from harm!
You feel better. The troll bites you but does no damage.
The troll completely misses you. The troll claws you but does no damage.
You barely miss the troll.
The troll is almost dead.
The troll bites you but does no damage. The troll claws you but does no damage.
The troll closely misses you.
You hit the troll.
The troll is almost dead.
The troll bites you!
* * * LOW HITPOINT WARNING * * *
The troll claws you.
* * * LOW HITPOINT WARNING * * *
The troll claws you.
You die...

.......#####.###
##.###.........#
...............#
...............#
.#.............#
<##.###........#
...............#
.##.########.########...
.##.##>.........@To.....
.........#######.####...
.........#### #.#
............# #.#
.........##. #.#
######.)## ..+ ##.## #.#
#..#######.#
####........


You could see a troll and an orc.

Vanquished Creatures
  Maurice (D:8)
  Joseph (D:7)
  Maggie (D:7)
  Sigmund (D:6)
  2 wyverns
  2 vampires (D:8)
  3 yaks (D:8)
  Grum (D:9)
  2 steam dragons
  An acid dragon (D:9)
  3 water moccasins
  2 ice beasts
  An orc warrior (D:9)
  2 black bears
  2 sky beasts
  An ogre (D:5)
  5 wolves
  5 centaurs
  A phantom (D:4)
  2 kobold brigands (D:8)
  6 bullfrogs
  5 scorpions
  8 wights
  A howler monkey (D:8)
  5 hounds
  3 gnoll boudas
  7 orc priests
  3 sleepcaps
  2 iguanas
  8 orc wizards
  6 gnolls
  7 adders
  A shadow imp (D:7)
  A white imp (D:5)
  2 ufetubi (D:5)
  A dart slug (D:3)
  A ribbon worm (D:4)
  14 orcs
  A ball python (D:1)
  6 bats
  5 endoplasms
  4 giant cockroaches
  9 goblins
  9 hobgoblins
  2 jackals (D:3)
  5 quokkas
  3 frilled lizards
  12 kobolds
  5 rats
181 creatures vanquished.

Notes
Turn   | Place    | Note
-------+----------+-------------------------------------------
     0 | D:5      | RancidPinata the Gargoyle Delver began the quest for the
                  | Orb.
     0 | D:5      | Reached XP level 1. HP: 14/14 MP: 1/1
     1 | D:6      | Noticed a sleepcap
   273 | D:4      | Reached XP level 2. HP: 19/19 MP: 2/2
   299 | D:4      | Reached skill level 1 in Armour
   578 | D:4      | Noticed a scorpion
   627 | D:4      | Found a shadowy altar of Dithmenos.
   651 | D:3      | Reached XP level 3. HP: 11/24 MP: 3/3
   722 | D:3      | Reached XP level 4. HP: 19/29 MP: 4/4
   948 | D:3      | Reached skill level 1 in Polearms
  1130 | D:3      | Found a burning altar of Makhleb.
  1152 | D:2      | Found Sugucsat's General Store.
  1176 | D:2      | Found Tigun's Book Shop.
  1196 | D:2      | Found a faded altar of an unknown god.
  1315 | D:2      | Found Peenarch's Jewellery Emporium.
  1361 | D:2      | Found Bujatori's Magic Scroll Shop.
  2212 | D:1      | Reached XP level 5. HP: 32/33 MP: 5/5
  3235 | D:4      | Reached XP level 6. HP: 31/39 MP: 6/6
  3294 | D:4      | Noticed a black bear
  3491 | D:3      | Killed a black bear
  3578 | D:4      | Reached skill level 5 in Fighting
  3578 | D:4      | Reached XP level 7. HP: 44/44 MP: 7/7
  4521 | D:5      | Reached XP level 8. HP: 48/51 MP: 8/8
  4594 | D:5      | Found a staircase to the Ecumenical Temple.
  4600 | Temple   | Entered the Ecumenical Temple
  4629 | Temple   | Became a worshipper of Elyvilon the Healer
  4787 | D:6      | Reached skill level 5 in Armour
  4810 | D:6      | Noticed Sigmund
  5645 | D:6      | Killed Sigmund
  5843 | D:6      | Reached XP level 9. HP: 41/57 MP: 9/9
  5932 | D:7      | Noticed Joseph
  6493 | D:7      | Reached * piety under Elyvilon
  6499 | D:7      | Found a runed translucent gate.
  6510 | D:7      | Found a runed translucent gate.
  6511 | D:7      | Found a runed translucent gate.
  6513 | D:7      | Noticed superradish's ghost (novice OpSh)
  6520 | D:7      | Noticed Maggie
  6563 | D:7      | Killed Maggie
  6606 | D:7      | Found a shimmering blue altar of Sif Muna.
  7547 | D:7      | Reached skill level 5 in Maces & Flails
  7784 | D:7      | Killed Joseph
  8278 | D:8      | Reached XP level 10. HP: 50/64 MP: 10/10
  8958 | D:2      | Bought a scroll of identify for 28 gold pieces
  8958 | D:2      | Bought a scroll of identify for 28 gold pieces
  8958 | D:2      | Bought a scroll of identify for 28 gold pieces
  8958 | D:2      | Bought a scroll of enchant armour for 105 gold pieces
  9488 | D:8      | Reached ** piety under Elyvilon
  9498 | D:8      | Found a runed translucent door.
  9511 | D:8      | Found a shimmering altar of Xom.
  9511 | D:8      | Noticed middlethird's ghost (novice VSCj)
  9512 | D:8      | Noticed a +0 trident of chaos
  9579 | D:8      | Noticed Maurice
  9842 | D:8      | Paralysed by something for 4 turns
 10273 | D:8      | Something stole a ring of wizardry
 10274 | D:8      | Something stole 11 boomerangs
 10280 | D:8      | Paralysed by something for 2 turns
 10281 | D:8      | Something stole 283 gold
 10291 | D:8      | Paralysed by something for 2 turns
 10860 | D:8      | Paralysed by Maurice for 2 turns
 10863 | D:8      | Killed Maurice
 11165 | D:9      | Reached skill level 5 in Polearms
 11412 | D:9      | Noticed Grum
 11444 | D:9      | Killed Grum
 11623 | D:9      | Found a staircase to the Lair.
 11656 | D:8      | Reached XP level 11. HP: 52/71 MP: 11/11
 12027 | D:9      | Elyvilon protects you from harm!
 12030 | D:9      | HP: 3/72 [troll (2)]
 12030 | D:9      | Slain by a troll

Illustrated notes

Levels and vault maps discovered:
D:1:      dpeg_arrival_radiant, layout_rooms
D:2:      layout_basic, serial_shops, nicolae_shop_back_alley_shop,
          nicolae_shop_tiny_statue_garden, shop, shop,
          hellmonk_ecumenical_altar_heavens_door, hex_tiny, nrook_campfire
D:3:      layout_basic, bloody_makhleb, hellmonk_no_cap
D:4:      layout_loops_ring, grunt_dithmenos_smoke
D:5:      layout_basic, minmay_temple_entry_enclosed_plants
D:6:      layout_rooms, uniq_sigmund
D:7:      layout_rooms, lemuel_blue_sif_altar, gammafunk_ghost_nasty_kobolds,
          hangedman_decor_slide_cut, uniq_joseph, uniq_maggie
D:8:      cheibrodos_fzero, layout_basic, ebering_ghost_xom, uniq_maurice
D:9:      layout_basic, erik_lair_orcish_takeover, minivault_16,
          minmay_crystal_room, uniq_erolcha, uniq_grum
Temple:   bh_familiar_temple

Skill      XL: |  1  2  3  4  5  6  7  8  9 10 |
---------------+-------------------------------+-----
Armour         | 1 2 3 4 6 7 9 |  9.2
Fighting       | 4 5 7 8 9 |  9.8
Polearms       | 1 2 3 4 5 |  5.2
Dodging        | 2 3 4 |  4.9
Stealth        | 6 7 8 |  8.8
Maces & Flails | 3 4 5 6 |  6.2

Action                     |  1- 3 |  4- 6 |  7- 9 | 10-12 || total
---------------------------+-------+-------+-------+-------++-------
  Melee: Spear             |    39 |   156 |    91 |       ||   286
         Punch             |       |     1 |     5 |     1 ||     7
         Flail             |       |       |   252 |   308 ||   560
  Throw: Dart              |       |       |    38 |     1 ||    39
  Evoke: Wand              |       |       |       |     5 ||     5
    Use: Scroll            |       |       |     4 |     2 ||     6
         Potion            |       |       |     2 |     3 ||     5
   Stab: Sleeping          |     2 |    14 |     8 |     2 ||    26
         Distracted        |       |       |       |     1 ||     1
 Armour: Leather armour    |    33 |    85 |       |       ||   118
         Ring mail         |       |    25 |   235 |       ||   260
         Acid dragon scale |       |       |    89 |   298 ||   387
  Dodge: Dodged            |    18 |    76 |   262 |   248 ||   604
